 Dungeon Crawl Stone Soup version 0.29.1-13-g9f3cf754e1 (webtiles) character file.

Game seed: 10889605502329066073

11736 Thatpatchoflichen the Skirmisher (level 12, -1/78 (84) HPs)
             Began as a Kobold Hunter on Jan 22, 2023.
             Was a Priest of Ashenzari.
             Slain by a sixfirhy (8 damage)
             ... summoned by an orc sorcerer
             ... while paralysed by an orc sorcerer
             ... on level 1 of the Orcish Mines.
             The game lasted 01:33:30 (13210 turns).

Thatpatchoflichen the Skirmisher (Kobold Hunter)   Turns: 13210, Time: 01:33:30

HP:   -1/78 (84)    AC: 10    Str:  9      XL:     12   Next: 11%
MP:   12/12         EV:  3    Int: 11      God:    Ashenzari [***...]
Gold: 583           SH:  0    Dex: 18 (20) Spells: 11/11 levels left

rFire   + . .      SeeInvis +   V - +4 arbalest "Shackled Together" {Bglg, Self} (curse)
rCold   . . .      Faith    .   (shield currently unavailable)
rNeg    + . .      Spirit   .   U - +5 scale mail of Curses and Power {rF+, Self, Range} (curse)
rPois   .          Reflect  .   (no helmet)
rElec   .          Harm     .   P - +2 cloak of Panopticon {Cun, Elem} (curse)
rCorr   .          Rampage  .   Z - +0 pair of gloves
Will    .....      Clarity  +   i - +2 pair of boots "Astrological Limitation" {Fly, Elem, Bglg} (curse)
Stlth   ++++......              j - amulet of regeneration
HPRegen 1.03/turn               o - +4 ring of protection
MPRegen 0.13/turn               h - ring of positive energy

@: paralysed, corroded, flying, drained
A: small, no large weapons, nightstalker 3, clumsy 1, wild magic 1
a: Renounce Religion, Shatter the Chains


You were on level 1 of the Orcish Mines.
You worshipped Ashenzari.
Ashenzari was most pleased with you.
You visited 3 branches of the dungeon, and saw 13 of its levels.
You also visited: Bailey.

You collected 988 gold pieces.
You spent 405 gold pieces at shops.

Inventory:

Hand Weapons
 y - a +2 whip of electrocution
 F - the +8 trident of the Octopus King {venom, rElec rPois}
   (You found it on level 4 of the Dungeon)

   It poisons the flesh of those it strikes.
   rElec:     It insulates you from electricity.
   rPois:     It protects you from poison.
 V - the cursed +4 arbalest "Shackled Together" (weapon) {Bglg, Self}
   (You took it off an orc warrior on level 10 of the Dungeon)

   It has a curse which improves the following skills: Beguiling: Conjurations,
   Hexes and Translocations.
   Introspection: Fighting and Spellcasting.
 W - a +2 war axe of venom
Missiles
 a - 2 boomerangs of dispersal
 d - 4 boomerangs
 q - 3 curare-tipped darts
 E - 40 poisoned darts
 M - 3 atropa-tipped darts
Armour
 i - the cursed +2 pair of boots "Astrological Limitation" (worn) {Fly, Elem, Bglg}
   (You found it in a bailey)

   It has a curse which improves the following skills: Elements: Fire Magic, Ice
   Magic, Air Magic and Earth Magic.
   Beguiling: Conjurations, Hexes and Translocations.
 P - the cursed +2 cloak of Panopticon (worn) {Cun, Elem}
   (You found it on level 6 of the Dungeon)

   It has a curse which improves the following skills: Cunning: Dodging and
   Stealth.
   Elements:  Fire Magic, Ice Magic, Air Magic and Earth Magic.
 U - the cursed +5 scale mail of Curses and Power (worn) {rF+, Self, Range}
   (You bought it in a shop on level 9 of the Dungeon)

   rF:        It protects you from fire.
   It has a curse which improves the following skills: Introspection: Fighting
   and Spellcasting.
   Ranged Combat: Ranged Weapons and Throwing.
 Z - a +0 pair of gloves (worn)
Jewellery
 c - the ring "Xaraf" {Fire rElec Will- Str+4}
   (You found it on level 5 of the Dungeon)

   [ring of fire]

   It enhances your fire magic.
   Str:       It affects your strength (+4).
   rF:        It protects you from fire.
   rC:        It makes you vulnerable to cold.
   rElec:     It insulates you from electricity.
   Will:      It decreases your willpower.
 f - a +6 ring of strength
 h - a ring of positive energy (right hand)
 j - an amulet of regeneration (around neck)
 o - a +4 ring of protection (left hand)
 s - a ring of resist corrosion
 x - a ring of protection from cold
 O - a ring of positive energy
 Y - a +6 ring of dexterity
Wands
 k - a wand of charming (41)
 l - a wand of flame (5)
 R - a wand of polymorph (5)
Scrolls
 b - 2 scrolls of immolation
 e - 3 scrolls of summoning
 g - 2 scrolls of teleportation
 n - 2 scrolls of vulnerability
 p - 3 scrolls of poison
 v - 4 scrolls of enchant weapon
 z - a scroll of silence
 A - 2 scrolls of acquirement
 D - 2 scrolls of brand weapon
 K - 2 scrolls of blinking
Potions
 m - a potion of mutation
 t - 4 potions of curing
 u - 3 potions of berserk rage
 w - 5 potions of might
 C - a potion of ambrosia
 G - a potion of magic
 H - 2 potions of attraction
 I - 2 potions of haste
 L - a potion of cancellation
 Q - a potion of invisibility


   Skills:
 + Level 10.8(13.2) Fighting
 + Level 14.2(15.7) Ranged Weapons
 + Level 13.6(15.1) Dodging
 - Level 6.0(7.6) Stealth


You had 11 spell levels left.
You didn't know any spells.
Your spell library contained the following spells:

 Spells                   Type           Power      Damage    Failure   Level
 Sandblast                Erth           2%         2d4       97%         1
 Beastly Appendage        Tmut           0%         N/A       98%         1
 Blink                    Tloc           2%         N/A       99%         2
 Passwall                 Tmut/Erth      0%         N/A       99%         2
 Wereblood                Tmut           0%         N/A       99%         2
 Confusing Touch          Hex            1%         N/A       100%        3
 Spider Form              Tmut/Pois      0%         N/A       100%        3
 Stone Arrow              Conj/Erth      2%         3d7       100%        3
 Leda's Liquefaction      Hex/Erth       0%         N/A       100%        4
 Alistair's Intoxication  Tmut/Pois      0%         N/A       100%        5
 Borgnjor's Vile Clutch   Necr/Erth      0%         N/A       100%        5
 Lee's Rapid Deconstruct  Erth           0%         3d5*      100%        5
 Manifold Assault         Tloc           1%         N/A       100%        5
 Yara's Violent Unravell  Hex/Tmut       0%         3d3       100%        5
 Eringya's Noxious Bog    Tmut/Pois      0%         N/A       100%        6
 Statue Form              Tmut/Erth      0%         N/A       100%        6
 Enfeeble                 Hex            0%         N/A       100%        7
 Storm Form               Tmut/Air       0%         N/A       100%        7


Dungeon Overview and Level Annotations

Branches:
Dungeon (11/15)            Temple (1/1) D:6            Lair (0/5) D:9
    Orc (1/2) D:10         Bailey (visited)

Altars:
Ashenzari
Cheibriados
Dithmenos
Elyvilon
Fedhas
Gozag
Hepliaklqana
Kikubaaqudgha
Makhleb
Nemelex Xobeh
Okawaru
Qazlal
Ru
Sif Muna
Trog
Uskayaw
Vehumet
Wu Jian
Xom
Yredelemnul
Zin
The Shining One

Shops:
D:4 :(   D:6 (   D:9 [*   D:10 (

Annotations:
D:11 Josephine


Innate Abilities, Weirdness & Mutations

You are small and have problems with some larger weapons.
You are completely attuned to the shadows.
You are clumsy. (Dex -2)
Your spells are a little harder to cast, but a little more powerful.


Message History

The orc sorcerer is almost dead.
The orc sorcerer shouts, "You can't withstand my power!"
The orc sorcerer points at you and mumbles some strange words.
The bolt of negative energy hits you! You partially resist.
You feel drained. The rust devil closely misses you.
The orc sorcerer casts a spell.
The rust devil hits you. The rust devil corrodes you!
Unknown command.
Fire: V) +4 arbalest "Shackled Together" {Bglg, Self} (curse)
Press: ? - help, Q - select action, (/) - cycle Shift-Dir - straight line, f/p - orc sorcerer
Aim: an orc sorcerer, wielding a +0 dagger and wearing a +0 robe (severely wounded, 68% to hit)
You shoot a bolt. The bolt hits the orc sorcerer.
The orc sorcerer is almost dead.
The orc sorcerer points at you and mumbles some strange words.
The bolt of fire hits you but does no damage.
The rust devil closely misses you.
Fire: V) +4 arbalest "Shackled Together" {Bglg, Self} (curse)
Press: ? - help, Q - select action, (/) - cycle Shift-Dir - straight line, f/p - orc sorcerer
Aim: an orc sorcerer, wielding a +0 dagger and wearing a +0 robe (almost dead, 68% to hit)
You shoot a bolt.
The bolt barely misses the orc sorcerer.
The orc sorcerer casts a spell.
The rust devil hits you. The rust devil corrodes you!
The orc sorcerer points at you and mumbles some strange words.
You suddenly lose the ability to move!
The sixfirhy hits you! The sixfirhy shocks you! The sixfirhy hits you.
The sixfirhy shocks you!
The sixfirhy hits you but does no damage.
The rust devil hits you!
* * * LOW HITPOINT WARNING * * *
The rust devil corrodes you! The chaos spawn gores you.
* * * LOW HITPOINT WARNING * * *
You partially resist.
You feel drained.
The orc sorcerer hits you but does no damage.
The sixfirhy hits you.
* * * LOW HITPOINT WARNING * * *
The sixfirhy shocks you!
* * * LOW HITPOINT WARNING * * *
The sixfirhy hits you!
You die...

,, ...................
**..#...............#..
#.#..................
...#....#.##.........
.........#...........
........#............
.._...#.##...........
*....3....##.#...#....
....@....####....#...
...4o4..# #....##...
........# ##........
,....$..## ###.##...
.....### ####### * * *
# * *


You could see a rust devil (summoned), a sixfirhy (summoned), a chaos spawn
(summoned) and an orc sorcerer.

Vanquished Creatures
  Snorg (D:11)
  The ghost of cheesebisquit the Cleaver, a novice MiBe of Trog (D:8)
  A two-headed ogre (D:8)
  An orc knight (Bailey)
  An orc sorcerer (Orc:1)
  A gargoyle (D:10)
  An unseen horror (D:10)
  2 wyverns
  12 yaks
  A steam dragon (D:8)
  2 vampire mosquitoes (D:11)
  A warg (Orc:1)
  A water moccasin (D:7)
  16 orc warriors
  A black bear (D:4)
  3 sky beasts (D:7)
  An ice beast (D:6)
  3 ogres
  3 centaurs
  7 kobold brigands
  3 bullfrogs
  A necrophage (D:6)
  3 gnoll sergeants
  13 wights
  3 howler monkeys
  6 quasits (D:8)
  10 orc priests
  5 hounds
  2 jellies (D:6)
  A gnoll bouda (D:4)
  Jessica (D:2)
  Natasha (thrice) (D:2)
  Terence (D:2)
  5 iguanas
  10 orc wizards
  17 gnolls
  12 adders
  A shadow imp (D:6)
  2 white imps
  4 worms
  2 dart slugs (D:3)
  72 orcs
  8 ball pythons
  11 endoplasms
  4 giant cockroaches
  13 goblins
  6 hobgoblins
  4 jackals
  33 kobolds
  4 quokkas
  9 bats
  A frilled lizard (D:3)
  4 rats
334 creatures vanquished.

Vanquished Creatures (others)
  An orc wizard (D:10)
  A hobgoblin (D:2)
2 creatures vanquished.

Grand Total: 336 creatures vanquished

Notes
Turn   | Place    | Note
-------+----------+-------------------------------------------
     0 | D:1      | Thatpatchoflichen the Kobold Hunter began the quest for the
                  | Orb.
     0 | D:1      | Reached XP level 1. HP: 12/12 MP: 1/1
   117 | D:1      | Reached XP level 2. HP: 18/18 MP: 2/2
   556 | D:1      | Reached XP level 3. HP: 22/22 MP: 3/3
   889 | D:2      | Reached XP level 4. HP: 15/27 MP: 4/4
  1132 | D:2      | Noticed Natasha
  1329 | D:2      | Reached skill level 6 in Ranged Weapons
  1482 | D:2      | Found a faded altar of an unknown god.
  1530 | D:2      | Killed Natasha
  1531 | D:2      | Reached XP level 5. HP: 32/32 MP: 5/5
  1545 | D:2      | Noticed Terence
  1570 | D:2      | Killed Terence
  1707 | D:2      | Noticed Jessica
  1715 | D:2      | Killed Jessica
  1716 | D:2      | Reached XP level 6. HP: 36/38 MP: 6/6
  2391 | D:4      | Found Vuesiucs's Antique Weapon Shop.
  2561 | D:3      | Found a bloodstained altar of Trog.
  2815 | D:4      | Noticed a black bear
  2902 | D:2      | Noticed Natasha
  2906 | D:2      | Killed Natasha
  2974 | D:2      | Noticed Natasha
  2979 | D:2      | Killed Natasha
  3222 | D:4      | Found Zolapt Kotof's Book Emporium.
  3298 | D:4      | Killed a black bear
  3299 | D:4      | Reached XP level 7. HP: 44/44 MP: 7/7
  3309 | D:4      | Found the +8 trident of the Octopus King {venom, rElec
                  | rPois}
  3330 | D:5      | Entered Level 5 of the Dungeon
  3493 | D:4      | Reached skill level 5 in Stealth
  3563 | D:4      | Reached skill level 7 in Ranged Weapons
  3865 | D:4      | Reached skill level 5 in Dodging
  4066 | D:5      | Found an opulent altar of Gozag.
  4388 | D:5      | Identified the ring "Xaraf" {Fire rElec Will- Str+4}
  4687 | D:5      | Reached XP level 8. HP: 39/48 MP: 8/8
  4688 | D:5      | Reached skill level 5 in Fighting
  4745 | D:6      | Found a large runed translucent door.
  4745 | D:6      | Found a large runed translucent door.
  5052 | D:7      | Found a flagged portal.
  5083 | Bailey   | Entered a bailey
  5132 | Bailey   | Reached skill level 8 in Ranged Weapons
  5265 | Bailey   | Gained mutation: You are clumsy. (Dex -2) [potion of
                  | mutation]
  5265 | Bailey   | Gained mutation: Your spells are a little harder to cast,
                  | but a little more powerful. [potion of mutation]
  5354 | Bailey   | Noticed an orc knight
  5380 | Bailey   | Killed an orc knight
  5381 | Bailey   | Reached XP level 9. HP: 5/60 MP: 9/9
  5684 | D:6      | Found Ylicaniy's Weapon Shoppe.
  5804 | D:6      | Found a staircase to the Ecumenical Temple.
  5810 | Temple   | Entered the Ecumenical Temple
  6439 | D:6      | Found a broken altar of Ashenzari.
  6536 | D:6      | Found a sacrificial altar of Ru.
  6639 | D:6      | Became a worshipper of Ashenzari the Shackled
  7041 | D:6      | Reached skill level 9 in Ranged Weapons
  7045 | D:6      | Found a shadowy altar of Dithmenos.
  7050 | D:6      | Found a snail-covered altar of Cheibriados.
  7366 | D:7      | Reached XP level 10. HP: 57/66 MP: 10/10
  7512 | D:7      | Found a basalt altar of Yredelemnul.
  7651 | D:7      | Found a radiant altar of Vehumet.
  8339 | D:8      | Reached skill level 10 in Fighting
  8342 | D:8      | Reached skill level 10 in Ranged Weapons
  8342 | D:8      | Found a white marble altar of Elyvilon.
  8419 | D:7      | Reached skill level 10 in Dodging
  8662 | D:8      | Found a transporter.
  8681 | D:8      | Found a transporter.
  8877 | D:8      | Reached skill level 11 in Ranged Weapons
  8951 | D:8      | Noticed a two-headed ogre
  9107 | D:9      | Found Taugg's Antique Armour Emporium.
  9188 | D:9      | Bought a jewelled scale mail for 270 gold pieces
  9188 | D:9      | Identified the +5 scale mail of Soft Contentment {rF+} (You
                  | bought it in a shop on level 9 of the Dungeon)
  9478 | D:9      | Found a shimmering blue altar of Sif Muna.
  9520 | D:9      | Reached XP level 11. HP: 71/72 MP: 11/11
  9560 | D:9      | Found Zujuh's Serpentskin Sales.
  9611 | D:9      | Found a staircase to the Lair.
  9855 | D:9      | Reached * piety under Ashenzari
  9855 | D:9      | Identified 2 scrolls of acquirement
 10280 | D:8      | Killed a two-headed ogre
 10281 | D:8      | Reached skill level 12 in Ranged Weapons
 10430 | D:8      | Noticed cheesebisquit's ghost (novice MiBe)
 10498 | D:10     | Entered Level 10 of the Dungeon
 10888 | D:10     | Found an iron altar of Okawaru.
 10900 | D:10     | Reached skill level 13 in Ranged Weapons
 11008 | D:10     | Reached ** piety under Ashenzari
 11374 | D:10     | Noticed an orc knight
 11375 | D:10     | Found Kuhomuub's Weapon Emporium.
 11519 | D:10     | Found a staircase to the Orcish Mines.
 11655 | D:11     | Noticed a manticore
 11871 | D:11     | Noticed Snorg
 11875 | D:11     | Reached *** piety under Ashenzari
 11885 | D:11     | Killed Snorg
 11945 | D:11     | Noticed a manticore
 11951 | D:11     | Noticed Josephine
 12484 | D:8      | Killed cheesebisquit's ghost
 12626 | D:9      | Bought a pair of gloves for 135 gold pieces
 12686 | Orc:1    | Entered Level 1 of the Orcish Mines
 12805 | Orc:1    | Reached skill level 14 in Ranged Weapons
 12805 | Orc:1    | Reached XP level 12. HP: 56/84 MP: 12/12
 12931 | Orc:1    | Noticed a sixfirhy
 13208 | Orc:1    | Paralysed by an orc sorcerer for 3 turns
 13209 | Orc:1    | Noticed a sixfirhy
 13210 | Orc:1    | Slain by a sixfirhy

Illustrated notes

Levels and vault maps discovered:
D:1:      dpeg_arrival_radiant, layout_loops_cross
D:2:      layout_basic, hellmonk_ecumenical_altar_defaced_shrine,
          cheibrodos_gnoll_hut, uniq_natasha, uniq_jessica, uniq_terence
D:3:      layout_basic, trog_three_pillars_becter, glass_columns_c,
          serial_bayou_crossing
D:4:      layout_loops_ring, serial_shops, nicolae_shop_waterfront,
          kennysheep_small_spiral, nicolae_stop_n_shop_1, serial_park_tiny_pond
D:5:      layout_rooms, mainiacjoe_overflow_paths
D:6:      layout_cave_pools, nicolae_ashenzari_panopticon,
          nicolae_ru_great_annihilating_truth, jmf_multi_god_temple2,
          minmay_temple_entry_crystal_x, serial_shops,
          nicolae_shop_temple_entry_statues_fountains, serial_park,
          serial_park_square3 [serial_park_minivault_5x5_2], serial_park_square3
          [serial_park_minivault_5x5_7]
D:7:      layout_layer_cave, yredelemnul_altar_generic,
          mainiacjoe_overflow_six_doors_small, enter_bailey_5,
          minmay_crystal_room, uniq_joseph
D:8:      layout_basic, elyvilon_altar_5, gammafunk_ghost_stat_death
D:9:      layout_loops_corners, mainiacjoe_overflow_chevrons, lair_entry_dummy,
          serial_shops, nicolae_square_shop, guppyfry_shop_venom
D:10:     layout_rooms, mainiacjoe_overflow_concentric_impassable, orc_david_3,
          serial_corexii_hall, corexii_hall_statues_l, corexii_hall_statues_u,
          chequers_hall_statues_y
D:11:     layout_gridville, okawaru_humans, uniq_grum, uniq_snorg,
          uniq_josephine
Temple:   chequers_temple_sunken
Orc:1:    nicolae_orc_accident_2, layout_caves, basic_altar

Skill      XL: |  1  2  3  4  5  6  7  8  9 10 11 |
---------------+----------------------------------+-----
Stealth        | 2 3 4 5 6 |  6.0
Dodging        | 3 4 5 8 11 13 | 13.6
Fighting       | 3 4 8 9 10 | 10.8
Ranged Weapons | 6 7 8 9 11 14 | 14.2

Action                   |  1- 3 |  4- 6 |  7- 9 | 10-12 || total
-------------------------+-------+-------+-------+-------++-------
Melee: Trident           |       |       |    14 |       ||    14
 Fire: Shortbow          |    64 |   188 |   412 |   580 ||  1244
       Arbalest          |       |       |       |   135 ||   135
Throw: Dart              |       |       |       |    15 ||    15
Invok: Curse Item        |       |       |     1 |     3 ||     4
Evoke: Wand              |       |       |       |     1 ||     1
  Use: Potion            |       |     1 |     2 |     2 ||     5
       Scroll            |       |       |     6 |     4 ||    10
Armor: Leather armour    |     6 |    34 |    15 |       ||    55
       Ring mail         |       |       |   121 |   124 ||   245
       Scale mail        |       |       |       |   285 ||   285
Dodge: Dodged            |    17 |   106 |   404 |   925 ||  1452
